cohdb
Replays
Latest Replays
All Replays
Popular Replays
Top Player Replays
Match Explorer
How It Works
Community
CoH3 Stats
Reddit
Sign in to upload your games and track your stats! →
Sign in with Steam
Match 44232010
Unlisted
Match 44232010
Overview
Messages
Build Orders
End
Construct Barracks
Riflemen Squad
Riflemen Squad
M1 Mortar Team
Grenade Package
Air Support Center
Construct Motor Pool
Engineer Squad
M8 Greyhound Armored Car
P-47 Strafing Run
Riflemen Squad
M1 Anti-tank Gun Team
P-47 Strafing Run
Construct Tank Depot
Grasshopper Recon Run
Engineer Squad
Grasshopper Recon Run
P-47 Strafing Run
Selects Armored Battlegroup
Selects Fast Deploy
Selects Seek and Destroy
Selects UNKNOWN (2160077)
Selects Assault Engineers
Selects Field Repairs
Selects War Machine
M4A3E8 Sherman Easy Eight
M4A3E8 Sherman Easy Eight
Arturokq
nerf R.N.G
jp2310
Rob
0
0
Comments
sign in to comment!
No comments posted yet!